 Dungeon Crawl Stone Soup version 0.30-a0-339-g89bb51ec76 (webtiles) character file.

Game seed: 10474409328906679299

1526 ytrimaz the Blocker (level 9, -11/68 HPs)
             Began as a Formicid Fighter on Oct 31, 2022.
             Was a Follower of Okawaru.
             Mangled by an orc warrior
             ... wielding a +0 great sword
              (14 damage)
             ... on level 5 of the Dungeon.
             The game lasted 00:05:36 (5235 turns).

ytrimaz the Blocker (Formicid Fighter)              Turns: 5235, Time: 00:05:36

Health: -11/68     AC:  6    Str: 25    XL:     9   Next: 10%
Magic:  9/9        EV:  9    Int: 15    God:    Okawaru [*.....]
Gold:   113        SH:  6    Dex: 13    Spells: 8/8 levels left

rFire   + . .      SeeInvis +    s - +6 war axe "Kidwoec" {flame, *Rage rElec rCorr Int+7}
rCold   . . .      Faith    .    c - +0 buckler
rNeg    . . .      Spirit   .    b - +0 scale mail
rPois   .          Reflect  .    (helmet unavailable)
rElec   +          Harm     .    (no cloak)
rCorr   +          Rampage  .    (no gloves)
Will    .....                    (no boots)
Stlth   ..........               (no amulet)
HPRegen 0.31/turn                e - ring of protection from fire
MPRegen 0.11/turn                (no ring)

@: no status effects
A: permanent stasis, dig shafts and tunnels, antennae 3, four strong arms
a: Dig, Shaft Self, Renounce Religion, Heroism


You were on level 5 of the Dungeon.
You worshipped Okawaru.
Okawaru was aware of your devotion.
You visited 2 branches of the dungeon, and saw 6 of its levels.

You collected 113 gold pieces.


Innate Abilities, Weirdness & Mutations

You cannot be hasted, slowed, berserked, paralysed or teleported.
You can dig through walls and to a lower floor.
You have a pair of large antennae on your head. (SInv)
Your four strong arms can wield two-handed weapons with a shield.


   Skills:
 - Level 5.0 Fighting
 + Level 7.5 Axes
 - Level 3.2 Armour
 + Level 10.0 Shields


You had 8 spell levels left.
You didn't know any spells.
Your spell library contained the following spells:

 Spells                   Type           Power      Damage    Failure   Level
 Necrotise                Necr           0%         1d4       58%         1
 Dazzling Flash           Conj/Hex       0%         N/A       91%         3
 Stone Arrow              Conj/Erth      0%         3d7       91%         3
 Vampiric Draining        Necr           0%         2d6       91%         3
 Agony                    Necr           0%         N/A       100%        5
 Silence                  Hex/Air        0%         N/A       100%        5
 Lehudib's Crystal Spear  Conj/Erth      0%         10d2      100%        8
 Animate Armour           Summ/Erth      Unusable   N/A       N/A         4

Inventory:

Hand Weapons
 n - a +2 whip of electrocution
   (You took it off a kobold on level 3 of the Dungeon)
 s - the +6 war axe "Kidwoec" (weapon) {flame, *Rage rElec rCorr Int+7}
   (You found it on level 4 of the Dungeon)

   It burns those it strikes, dealing additional fire damage.
   Big, fiery blades are also staple armaments of hydra-hunters.
   Int:       It affects your intelligence (+7).
   rElec:     It insulates you from electricity.
   *Rage:     It berserks you when you make melee attacks (+20% chance).
   rCorr:     It protects you from acid and corrosion.
Missiles
 h - a throwing net
 t - 4 javelins
Armour
 b - a +0 scale mail (worn)
 c - a +0 buckler (worn)
 i - a +0 kite shield
   (You found it on level 2 of the Dungeon)
Jewellery
 e - a ring of protection from fire (left hand)
   (You found it on level 5 of the Dungeon)
Wands
 m - a wand of flame (12)
   (You found it on level 5 of the Dungeon)
 p - a wand of polymorph (6) (quivered)
   (You found it on level 3 of the Dungeon)
 q - a wand of paralysis (7)
   (You took it off Ijyb on level 4 of the Dungeon)
Scrolls
 a - a scroll of butterflies
 g - 2 scrolls of vulnerability
Potions
 j - 3 potions of curing
 k - a potion of brilliance
 l - a potion of resistance
 o - a potion of attraction

Dungeon Overview and Level Annotations

Branches:
Dungeon (5/15) Zot: 24733  Temple (1/1) D:4 Zot: 5942

Altars:
Ashenzari
Fedhas
Hepliaklqana
Okawaru
Qazlal
Sif Muna
Trog
Uskayaw
Vehumet
Xom
Zin
The Shining One

Annotations:
D:3 1 runed translucent door, Crazy Yiuf

#.####.####.#
............##
.#..##.####..########
## . . #..........
... #.######### ###
#.# #.######
##o.....# #@#)#.#.###
##)g.......
###)#..... .# .### ..
#)# ... # # .#.. #
..... + .....'


You could see an orc warrior and a gnoll sergeant.


Message History

You kill the orc warrior!
Okawaru accepts your kill.
You barely miss Blork the orc.
Your transformation is almost over.
Blork the orc hits you but does no damage.
You have reached level 9!
Your experience leads to an increase in your attributes!
Your base attributes are Str 23, Int 8, Dex 13.
Increase (S)trength, (I)ntelligence, or (D)exterity?
You feel stronger. x2 😨 HP[+5] MP[+1]
You now have 102 max hp (+9).
You regained 5 hp, and now have 50/102 hp.
Your mp is fully restored (9).
You hit Blork the orc. You burn Blork the orc. You closely miss the orc.
Blork the orc hits you with a +0 battleaxe.
* * * LOW HITPOINT WARNING * * *
You block Blork the orc's attack. The orc hits you but does no damage.
An orc warrior comes into view.
It is wielding a +0 great sword. 😨 HP[-5]
You take 5 damage, and now have 45/102 hp.
The orc warrior shouts!
The hound barks!
You slice Blork the orc!! You burn Blork the orc.
You kill Blork the orc!
Okawaru accepts your kill.
You barely miss the orc.
You hear a shout!
You block the orc's attack.
You closely miss the orc.
A gnoll sergeant comes into view. It is wielding a +0 trident.
The orc hits you but does no damage. 😨 HP[+1]
You hit the orc. You burn the orc. You block the orc's attack.
The orc hits you but does no damage.
You are too injured to fight recklessly!
You are too injured to fight recklessly!
You are too injured to fight recklessly!
Unknown command.
Unknown command.
You are too injured to fight recklessly!
You are too injured to fight recklessly!
You are too injured to fight recklessly!
You are too injured to fight recklessly!
Unknown command.
Okay, then.
Unknown command.
You cannot move.
You slash the orc! You burn the orc.
You kill the orc!
Okawaru accepts your kill. The hound bites you but does no damage.
Unknown command.
You barely miss the hound.
You hit the orc warrior but do no damage.
The hound bites you but does no damage.
The orc warrior hits you with a +0 great sword.
* * * LOW HITPOINT WARNING * * *
The hound barely misses you. 😨 HP[-3]
You take 3 damage, and now have 43/102 hp.
Unknown command.
You barely miss the orc warrior. You hit the hound. You burn the hound.
The hound bites you but does no damage.
The orc warrior hits you with a +0 great sword!
* * * LOW HITPOINT WARNING * * *
You block the hound's attack. 😨 HP[-7]
You take 7 damage, and now have 36/102 hp.
You barely miss the orc warrior. You completely miss the hound.
You feel less wooden.
Your +0 scale mail unmelds from your body.
The hound bites you.
* * * LOW HITPOINT WARNING * * *
The orc warrior completely misses you. 😨 HP[-15]
You now have 68 max hp (-34).
You hit the orc warrior. You burn the orc warrior. You slash the hound!
You burn the hound.
You kill the hound!
Okawaru accepts your kill.
The orc warrior hits you with a +0 great sword!
* * * LOW HITPOINT WARNING * * *
You block the gnoll sergeant's attack.
Your Shields skill increases to level 10! 😱 HP[-6]
You take 6 damage, and now have 15/68 hp.
Unknown command.
Aiming: Polymorph
Press: ? - help, Q - select action, (/) - cycle Shift-Dir - straight line, f - gnoll sergeant
Aim: a gnoll sergeant, wielding a +0 trident, wearing a +0 scale mail and wearing a +0 kite shield (will become a goblin, a dart slug, or a worm, chance to affect: 49%)
Okay, then.
Are you sure you want to shaft yourself?
The orc warrior hits you with a +0 great sword!
* * * LOW HITPOINT WARNING * * *
The gnoll sergeant hits you from afar with a +0 trident.
* * * LOW HITPOINT WARNING * * *
You begin to dig a shaft.
You continue digging a shaft.
The gnoll sergeant closely misses you.
The orc warrior hits you with a +0 great sword!
You die...

Skill      XL: |  1  2  3  4  5  6  7  8  9 |
---------------+----------------------------+-----
Fighting       | 4 5 |  5.0
Axes           | 3 4 5 7 |  7.5
Shields        | 5 6 7 9 10 | 10.0
Armour         | |  3.2

Action                   |  1- 3 |  4- 6 |  7- 9 || total
-------------------------+-------+-------+-------++-------
Melee: War axe           |    85 |    94 |    96 ||   275
       Whip              |       |    69 |       ||    69
 Abil: Shaft Self        |       |       |     1 ||     1
  Use: Scroll            |     3 |     4 |     6 ||    13
       Potion            |       |     4 |     3 ||     7
Armor: Scale mail        |    50 |    73 |    20 ||   143
       Skin              |       |       |    11 ||    11
Dodge: Dodged            |    54 |    79 |    39 ||   172
Block: Buckler           |    27 |    40 |    31 ||    98

Levels and vault maps discovered:
D:1:      minmay_arrival_three_doors, layout_basic, hex_tiny
D:2:      layout_basic
D:3:      layout_basic, grunt_temple_overflow_order_and_chaos_1,
          dilly_guarded_unrand_morg, uniq_crazy_yiuf_cottage, uniq_natasha,
          uniq_robin
D:4:      layout_layer_cave, minmay_temple_entry_tees, st_stairs_9,
          uniq_menkaure, uniq_ijyb
D:5:      layout_loops_corners, old_standard_altar,
          chequers_serial_rivers_room_b, sword_in_stone, uniq_blork_the_orc
Temple:   nicolae_temple_bog_church

Notes
Turn   | Place    | Note
-------+----------+-------------------------------------------
     0 | D:1      | ytrimaz the Formicid Fighter began the quest for the Orb.
     0 | D:1      | Reached XP level 1. HP: 18/18 MP: 1/1
     0 | D:1      | magus.rc [v1.9.6]
   108 | D:1      | You pick up a book of Armaments and begin reading...
   108 | D:1      | You add the spells Stone Arrow, Animate Armour and
                  | Lehudib's Crystal Spear to your library.
   132 | D:1      | Reached XP level 2. HP: 24/24 MP: 2/2
   193 | D:1      | You pick up a book of the Senses and begin reading...
   193 | D:1      | You add the spells Dazzling Flash, Agony and Silence to
                  | your library.
   265 | D:1      | Reached XP level 3. HP: 30/30 MP: 3/3
   412 | D:1      | Reached skill level 4 in Fighting
   799 | D:2      | Reached skill level 3 in Axes
  1006 | D:2      | Reached XP level 4. HP: 14/37 MP: 4/4
  1902 | D:3      | Noticed an angel
  1904 | D:3      | Found a glowing silver altar of Zin.
  1905 | D:3      | Found a shimmering altar of Xom.
  1968 | D:3      | Killed an angel
  2071 | D:3      | Noticed Robin
  2083 | D:3      | HP: 7/38 [goblin/+0 club[Robin] (6)]
  2086 | D:3      | HP: 1/38 [goblin/+0 club[Robin] (3)]
  2104 | D:3      | Killed Robin
  2105 | D:3      | Reached XP level 5. HP: 20/43 MP: 5/5
  2427 | D:3      | HP: 9/43 [orc/+0 dagger (3)]
  2450 | D:3      | Reached skill level 5 in Fighting
  2717 | D:3      | Found a runed translucent door.
  2718 | D:3      | Noticed Crazy Yiuf
  2942 | D:3      | Noticed Natasha
  2943 | D:3      | Found the +4 dagger "Morg" {pain, Will+ Int+5}
  2961 | D:3      | Reached skill level 5 in Shields
  2961 | D:3      | Killed Natasha
  2962 | D:3      | Reached XP level 6. HP: 30/51 MP: 6/6
  2975 | D:3      | You pick up a book of Necromancy and begin reading...
  2975 | D:3      | You add the spells Necrotise and Vampiric Draining to your
                  | library.
  3213 | D:4      | Noticed Ijyb
  3225 | D:4      | Reached skill level 4 in Axes
  3239 | D:4      | Killed Ijyb
  3314 | D:4      | Reached skill level 6 in Shields
  3320 | D:4      | Identified the +6 war axe "Kidwoec" {flame, *Rage rElec
                  | rCorr Int+7}
  3405 | D:4      | Noticed Menkaure
  3415 | D:4      | Reached XP level 7. HP: 39/56 MP: 7/7
  3419 | D:4      | Killed Menkaure
  3420 | D:4      | Reached skill level 5 in Axes
  3420 | D:4      | Reached skill level 7 in Shields
  3724 | D:4      | Found a staircase to the Ecumenical Temple.
  3745 | Temple   | Entered the Ecumenical Temple
  3793 | Temple   | Became a worshipper of Warmaster Okawaru
  3946 | D:4      | You fall into a shaft and drop 1 floor!
  3946 | D:5      | Entered Level 5 of the Dungeon
  4121 | D:5      | Reached XP level 8. HP: 62/62 MP: 8/8
  4143 | D:5      | Noticed a wyvern
  4147 | D:5      | Killed a wyvern
  4148 | D:5      | Reached skill level 6 in Axes
  4148 | D:5      | Reached skill level 8 in Shields
  4233 | D:5      | Found a hide-covered altar of Uskayaw.
  4285 | D:5      | Reached * piety under Okawaru
  4935 | D:5      | Reached skill level 9 in Shields
  5201 | D:5      | Reached skill level 7 in Axes
  5203 | D:5      | Noticed Blork the orc
  5225 | D:5      | Reached XP level 9. HP: 50/68 MP: 9/9
  5226 | D:5      | Killed Blork the orc
  5233 | D:5      | HP: 15/68 [orc warrior/+0 great sword (7)]
  5234 | D:5      | Reached skill level 10 in Shields
  5234 | D:5      | HP: 3/68 [gnoll sergeant/+0 trident (5)]
  5235 | D:5      | Mangled by an orc warrior

Vanquished Creatures
  A wyvern (D:5)
  Menkaure (D:4)
  An orc warrior (D:5)
  An ice beast (D:5)
  A centaur (D:5)
  A phantom (D:4)
  Blork the orc (D:5)
  A necrophage (D:5)
  A gnoll sergeant (D:5)
  3 scorpions
  2 jellies (D:5)
  2 orc priests
  A spectral scorpion (D:3)
  4 hounds (D:5)
  Ijyb (D:4)
  Natasha (D:3)
  3 orc wizards
  Robin (D:3)
  4 adders
  An adder zombie (D:3)
  2 adder skeletons (D:3)
  4 worms
  2 dart slugs (D:1)
  16 orcs
  3 ball pythons
  6 bats
  4 endoplasms
  4 giant cockroaches
  4 hobgoblins
  2 jackals (D:1)
  4 quokkas
  2 frilled lizards
  15 goblins
  6 kobolds
  A quokka skeleton (D:3)
  A quokka zombie (D:3)
  5 rats
113 creatures vanquished.

Vanquished Creatures (others)
  An angel (D:3)
  11 withered plants (D:3)
12 creatures vanquished.

Grand Total: 125 creatures vanquished

Table legend:
 A = Non-vault XP
 B = Vault XP
 C = Vault XP percentage of total XP
 D = Non-vault monster count
 E = Vault monster count
 F = Vault count percentage of total count
                 A         B        C        D         E       F
            +---------+---------+-------+---------+---------+-------
      Total |    1409 |     772 |  35.4 |      88 |      25 |  22.1
            +---------+---------+-------+---------+---------+-------
        D:1 |      36 |       0 |   0.0 |      20 |       0 |   0.0
        D:2 |      56 |       0 |   0.0 |      11 |       0 |   0.0
        D:3 |      87 |     128 |  59.5 |      21 |      18 |  46.2
        D:4 |     228 |     319 |  58.3 |      18 |       4 |  18.2
        D:5 |    1002 |     325 |  24.5 |      18 |       3 |  14.3
            +---------+---------+-------+---------+---------+-------

Illustrated notes

Table legend:
 A = Kills in this place as a percentage of kills in entire the game.
 B = Kills by you in this place as a percentage of kills by you in the entire game.
 C = Kills by friends in this place as a percentage of kills by friends in the entire game.
 D = Other kills in this place as a percentage of other kills in the entire game.
 E = Experience gained in this place as a percentage of experience gained in the entire game.
 F = Experience gained in this place divided by the number of levels of this place that you have seen.
                   A       B       C       D       E      F
               +-------+-------+-------+-------+-------+----------------------
         Total | 100.0 | 100.0 |   N/A |   N/A | 100.0 | 363.5
       Dungeon | 100.0 | 100.0 |   N/A |   N/A | 100.0 | 436.2
               +-------+-------+-------+-------+-------+----------------------

Table legend: (Time is in decaauts)
 A = Elapsed time spent in this place.
 B = Non-inter-level travel time spent in this place.
 C = Inter-level travel time spent in this place.
 D = Time resting spent in this place.
 E = Time spent auto-exploring this place.
 F = Levels seen in this place.
 G = Mean time per level.
                   A        B        C        D        E       F      G
               +--------+--------+--------+--------+--------+-----+--------+
         Total |   5322 |   5172 |    150 |    114 |   4127 |   6 |  887.0 |
       Dungeon |   5265 |   5120 |    145 |    114 |   4093 |   5 | 1053.0 |
        Temple |     57 |     52 |      5 |      0 |     34 |   1 |   57.0 |
               +--------+--------+--------+--------+--------+-----+--------+

Top non-repeatable levels by time:
     D:3: 1466 daAuts
     D:4: 1287 daAuts
     D:2: 1256 daAuts
     D:5: 740 daAuts
     D:1: 514 daAuts
  Temple: 57 daAuts
